AoeStats
← Grant B 1993

Fortress

509481689Analyzed
4v4 RM · 5d ago on Sep 26, 2026· 120m 47s· 8 players
Game mode
Random Map
Map size
Huge
Population
200
Speed
Normal
Resources
Standard
Victory
Conquest
Starting age
Dark Age
Ending age
Imperial Age
RankedLock teamsTeams togetherTeam positionsShared explorationLock speedFull tech treeHidden civsTurbo modeCheats
Victory
Defeat
🇵🇪 Khitans · Peru
881
+15
🇺🇸 Sicilians · United States
800
+18
🇺🇸 Khmer · United States
798
+18
🇭🇰 Goths · Hong Kong SAR China
784
+18
🇧🇷 Teutons · Brazil
892
-20
🇦🇷 Cumans · Argentina
843
-17
🇧🇷 Maya · Brazil
819
-16
🇨🇱 Wei · Chile
817
-16
LaBoka69
8:16 Feudal Age
14:16 Castle Age
13:16 Double-Bit Axe
13:14 Horse Collar
14:45 Loom
15:34 Squires
15:46 Forging
15:52 Bow Saw
16:10 Gold Mining
16:39 Eagle Warrior
16:45 Elite Skirmisher
19:51 Wheelbarrow
21:12 Pikeman
22:06 Treadmill Crane
25:06 Hul'che Javelineers
25:49 Fletching
26:46 Scale Mail Armor
28:43 Ballistics
32:51 Imperial Age
34:25 Hand Cart
35:22 Iron Casting
34:34 Arson
34:36 Elite Eagle Warrior
36:22 Heavy Plow
36:11 Capped Ram
37:57 Chemistry
39:46 Siege Ram
40:38 Bodkin Arrow
40:43 Padded Archer Armor
40:25 Elite Plumed Archer
42:53 Bracer
46:47 Coinage
51:25 Leather Archer Armor
52:34 Crop Rotation
53:17 Town Watch
61:11 Caravan
68:21 Ring Archer Armor
68:18 Conscription
68:33 Holcans
74:04 Blast Furnace
74:01 Halberdier
75:55 Chain Mail Armor
77:13 Masonry
77:10 Murder Holes
77:21 Town Patrol
80:25 Halberdier
82:07 Plate Mail Armor
Charly Garcia
9:35 Feudal Age
10:54 Wheelbarrow
10:02 Horse Collar
10:20 Double-Bit Axe
18:32 Castle Age
17:35 Scale Barding Armor
17:41 Forging
18:35 Gold Mining
19:29 Bow Saw
21:20 Gold Shaft Mining
22:48 Hand Cart
25:31 Iron Casting
25:17 Chain Barding Armor
25:09 Stone Mining
25:48 Heavy Plow
31:37 Padded Archer Armor
31:27 Fletching
32:10 Town Watch
33:13 Stone Shaft Mining
33:04 Town Patrol
35:35 Imperial Age
34:35 Tuntian
35:24 Ballistics
35:18 Bloodlines
35:23 Husbandry
35:47 Crossbowman
37:27 Crop Rotation
39:20 Parthian Tactics
39:02 Thumb Ring
39:09 Thumb Ring
40:27 Ming Guang Armor
42:06 Chemistry
40:59 Elite Tiger Cavalry
42:34 Leather Archer Armor
42:16 Bodkin Arrow
43:22 Blast Furnace
42:22 Scale Mail Armor
42:57 Conscription
44:40 Bracer
45:12 Ring Archer Armor
creed
0:40 Loom
8:25 Feudal Age
14:24 Castle Age
16:04 Bloodlines
16:10 Forging
16:07 Scale Barding Armor
18:01 Double-Bit Axe
19:13 Horse Collar
20:31 Wheelbarrow
20:45 Town Watch
21:15 Fortified Wall
25:34 Imperial Age
25:31 Masonry
27:46 Cavalier
28:21 Gold Mining
32:11 Arson
31:49 Elite Teutonic Knight
33:36 Hand Cart
33:51 Scale Mail Armor
34:25 Squires
35:37 Gambesons
36:51 Paladin
38:13 Bow Saw
38:09 Heavy Plow
39:28 Iron Casting
39:14 Chain Barding Armor
38:46 Fletching
42:29 Blast Furnace
41:32 Padded Archer Armor
41:48 Chain Mail Armor
41:40 Elite Skirmisher
44:54 Chemistry
44:17 Bodkin Arrow
45:46 Plate Barding Armor
49:25 Chain Mail Armor
49:26 Leather Archer Armor
50:00 Fortified Wall
49:53 Caravan
53:41 Two-Man Saw
53:17 Guilds
53:38 Coinage
53:24 Guilds
56:33 Plate Mail Armor
56:34 Ring Archer Armor
60:28 Banking
63:16 Conscription
74:31 Ballistics
74:18 Siege Engineers
96:55 Hoardings
120:09 Guard Tower
El Oso Rulo
1:20 Loom
7:22 Feudal Age
8:54 Double-Bit Axe
10:29 Man-at-Arms
11:17 Horse Collar
17:39 Castle Age
19:06 Wheelbarrow
19:41 Gold Mining
20:35 Forging
20:30 Scale Barding Armor
21:56 Scale Barding Armor
24:35 Ballistics
24:49 Bow Saw
24:43 Heavy Plow
25:40 Chain Barding Armor
25:19 Stone Mining
26:05 Fletching
27:10 Gold Shaft Mining
27:40 Bodkin Arrow
28:21 Iron Casting
27:36 Capped Ram
33:12 Imperial Age
32:04 Hand Cart
32:31 Padded Archer Armor
34:24 Conscription
34:15 Steppe Husbandry
35:36 Chemistry
34:05 Cavalier
34:08 Elite Steppe Lancer
36:07 Crop Rotation
36:38 Paladin
39:02 Two-Man Saw
38:02 Elite Kipchak
41:14 Blast Furnace
40:49 Plate Barding Armor
41:09 Leather Archer Armor
52:43 Murder Holes
56:50 Caravan
CROOKED HILLARY
0:33 Loom
10:09 Feudal Age
10:39 Horse Collar
10:49 Double-Bit Axe
11:46 Wheelbarrow
16:48 Castle Age
14:44 Gold Mining
14:58 Stone Mining
16:40 Forging
18:23 Hand Cart
18:17 Heavy Plow
18:29 Bow Saw
24:39 Town Watch
30:53 Caravan
34:00 Imperial Age
34:03 Husbandry
34:14 Bloodlines
33:27 Light Cavalry
Grant B 1993
0:50 Loom
6:40 Feudal Age
7:07 Horse Collar
7:12 Double-Bit Axe
7:20 Gold Mining
15:21 Castle Age
13:36 Stone Mining
17:10 Heavy Plow
21:44 Imperial Age
20:45 Squires
20:31 Arson
20:06 Pikeman
20:59 Forging
21:53 Scale Mail Armor
23:12 Iron Casting
25:54 Blast Furnace
25:10 Chain Mail Armor
24:46 Fletching
25:35 Conscription
27:25 Ballistics
28:00 Caravan
30:52 Bow Saw
31:12 Murder Holes
32:19 Chemistry
32:55 Wheelbarrow
33:01 Gold Shaft Mining
33:05 Stone Shaft Mining
33:23 Plate Mail Armor
32:49 Bodkin Arrow
35:13 Elite Serjeant
37:41 Arrowslits
39:22 Bracer
39:42 Masonry
40:19 Hand Cart
39:50 Town Watch
42:57 Hoardings
49:14 Halberdier
51:03 Crop Rotation
63:34 Padded Archer Armor
63:42 Husbandry
63:03 Cavalier
64:04 Hauberk
65:21 Bloodlines
65:20 Scale Barding Armor
65:26 Crossbowman
65:31 Elite Skirmisher
69:26 Leather Archer Armor
90:11 Light Cavalry
94:05 Chain Barding Armor
95:21 Plate Barding Armor
101:34 Siege Engineers
Yggdrasil
0:50 Loom
6:38 Feudal Age
7:12 Domestication
7:19 Double-Bit Axe
12:24 Wheelbarrow
15:02 Castle Age
15:10 Forging
18:18 Bow Saw
18:12 Gold Mining
19:58 Town Watch
20:45 Town Patrol
21:08 Stone Mining
23:41 Hand Cart
25:09 Iron Casting
24:39 Scale Barding Armor
25:31 Treadmill Crane
26:04 Fortified Wall
26:42 Caravan
29:05 Ballistics
31:20 Imperial Age
29:16 Husbandry
29:11 Fletching
30:32 Pastoralism
31:11 Stone Shaft Mining
31:40 Chain Barding Armor
31:16 Bodkin Arrow
31:34 Masonry
32:14 Ordo Cavalry
33:14 Conscription
33:57 Chemistry
34:50 Bracer
35:26 Plate Barding Armor
35:47 Lamellar Armor
37:30 Padded Archer Armor
37:33 Scale Mail Armor
37:20 Gambesons
37:36 Squires
36:59 Elite Skirmisher
37:46 Thumb Ring
38:56 Parthian Tactics
37:52 Heavy Cavalry Archer
38:16 Elite Liao Dao
39:14 Leather Archer Armor
38:33 Crossbowman
44:44 Ring Archer Armor
44:38 Pikeman
46:21 Chain Mail Armor
47:54 Plate Mail Armor
54:16 Heavy Rocket Cart
71:43 Arson
71:20 Elite Fire Lancer
77:57 Elite Steppe Lancer
79:13 Light Cavalry
89:13 Capped Ram
90:24 Heavy Camel Rider
93:49 Guilds
100:32 Man-at-Arms
LineageHK
7:41 Feudal Age
7:36 Loom
8:29 Horse Collar
9:03 Double-Bit Axe
16:37 Castle Age
17:44 Caravan
18:02 Bow Saw
25:15 Heavy Plow
28:41 Wheelbarrow
28:06 Gold Mining
31:34 Forging
32:14 Scale Mail Armor
32:50 Iron Casting
32:35 Hand Cart
35:14 Imperial Age
34:55 Chain Mail Armor
34:43 Stone Mining
35:04 Town Watch
34:47 Pikeman
35:34 Squires
35:40 Anarchy
35:24 Elite Huskarl
36:06 Perfusion
37:54 Blast Furnace
43:55 Halberdier
64:21 Fletching
64:31 Padded Archer Armor
112:25 Capped Ram
117:56 Onager
Connection lost

Rejoining the realm…

Still unreachable

The connection could not be restored.

Session expired

The server has moved on; the page needs a fresh start.